 Dungeon Crawl Stone Soup version 0.28.0 (webtiles) character file.

Game seed: 14753855656180746938

15422 Morbidden the Carver (level 12, -12/89 HPs)
             Began as a Demonspawn Conjurer on Feb 14, 2022.
             Was a High Priest of Cheibriados.
             Mangled by a komodo dragon (17 damage)
             ... on level 2 of the Lair of Beasts.
             The game lasted 00:18:46 (12154 turns).

Morbidden the Carver (Demonspawn Conjurer)         Turns: 12154, Time: 00:18:47

Health: -12/89     AC: 13    Str: 26    XL:     12   Next: 1%
Magic:  0/20       EV: 17    Int: 40    God:    Cheibriados [*****.]
Gold:   707        SH:  0    Dex: 25    Spells: 10/22 levels left

rFire   x . .      SeeInvis .   m - +10 long sword of the Ancient Places {protect, rF- rCorr Dex+2}
rCold   . . .      Faith    .   (no shield)
rNeg    . . .      Spirit   +   G - +0 acid dragon scales
rPois   .          Reflect  .   z - +2 hat
rElec   .          Harm     .   n - +0 cloak
rCorr   +          Rampage  .   (gloves unavailable)
Will    .....                   (no boots)
Stlth   +++.......              c - amulet of guardian spirit
HPRegen 0.24/turn               i - +6 ring of intelligence
MPRegen 0.17/turn               s - +6 ring of strength

@: lethally poisoned (-12 -> -32), very slow
A: thin metallic scales 2, powered by pain 1, demonic touch 3
a: Renounce Religion, Bend Time, Temporal Distortion, Slouch, Step From Time


You were on level 2 of the Lair of Beasts.
You worshipped Cheibriados.
Cheibriados was extremely pleased with you.
You visited 3 branches of the dungeon, and saw 13 of its levels.
You also visited: Sewer.

You collected 707 gold pieces.

Inventory:

Hand Weapons
 m - the +10 long sword of the Ancient Places (weapon) {protect, rF- rCorr Dex+2}
   (You found it on level 2 of the Dungeon)

   It grants its wielder temporary protection when it strikes (+7 to AC).
   Dex:       It affects your dexterity (+2).
   rF:        It makes you vulnerable to fire.
   rCorr:     It protects you from acid and corrosion.
 D - a +0 dagger of protection
Missiles
 h - 9 poisoned darts (quivered)
 v - 14 boomerangs
 N - a throwing net
Armour
 n - a +0 cloak (worn)
 z - a +2 hat (worn)
 G - +0 acid dragon scales (worn)
Jewellery
 c - an amulet of guardian spirit (around neck)
 i - a +6 ring of intelligence (left hand)
 r - an amulet of reflection
 s - a +6 ring of strength (right hand)
 B - the ring of Dutz {rElec rPois rC++}
   (You found it on level 5 of the Dungeon)

   [ring of poison resistance]

   rC:        It greatly protects you from cold.
   rElec:     It insulates you from electricity.
   rPois:     It protects you from poison.
 F - a ring of wizardry
 I - a ring of see invisible
Wands
 k - a wand of mindburst (3)
 E - a wand of flame (22)
 H - a wand of charming (4)
 L - a wand of acid (9)
Scrolls
 d - 3 scrolls of magic mapping
 e - a scroll of noise {unknown}
 f - 6 scrolls of identify
 p - 7 scrolls of teleportation
 t - a scroll of enchant armour {unknown}
 w - 4 scrolls of fog {unknown}
 y - 2 scrolls of blinking {unknown}
 J - a scroll of silence {unknown}
 M - a scroll of immolation {unknown}
Potions
 a - a potion of flight {unknown}
 b - a potion of curing
 g - 3 potions of brilliance {unknown}
 j - 3 potions of lignification {unknown}
 l - 4 potions of might {unknown}
 o - a potion of invisibility {unknown}
 q - 2 potions of degeneration {unknown}
 u - 2 potions of ambrosia {unknown}
 x - a potion of heal wounds {unknown}
 A - 2 potions of mutation {unknown}
 C - a potion of berserk rage {unknown}
 K - a potion of attraction {unknown}


   Skills:
 * Level 6.4 Fighting
 * Level 10.2 Long Blades
 + Level 0.7 Throwing
 + Level 4.0 Armour
 * Level 6.3 Dodging
 + Level 3.5 Stealth
 * Level 5.7 Spellcasting
 * Level 7.5 Conjurations
 * Level 5.3 Translocations
 * Level 7.3 Invocations


You had 10 spell levels left.
You knew the following spells:

 Your Spells              Type           Power      Damage    Failure   Level
a - Manifold Assault      Tloc           53%        N/A       10%         5
b - Iskenderun's Mystic   Conj/Tloc      59%        2d12      2%          4
c - Searing Ray           Conj           100%       2d8       1%          2
d - Magic Dart            Conj           100%       1d8       1%          1

Your spell library contained the following spells:

 Spells                   Type           Power      Damage    Failure   Level
 Blink                    Tloc           100%       N/A       1%          2
 Dazzling Flash           Conj/Hex       82%        N/A       1%          3
 Ensorcelled Hibernation  Hex/Ice        22%        N/A       4%          2
 Passwall                 Tmut/Erth      9%         N/A       4%          2
 Sublimation of Blood     Necr           11%        N/A       4%          2
 Fulminant Prism          Conj/Hex       20%        3d13      7%          4
 Swiftness                Air            11%        N/A       10%         3
 Irradiate                Conj/Tmut      20%        3d20      19%         5
 Petrify                  Tmut/Erth      11%        N/A       32%         4
 Storm Form               Tmut/Air       5%         N/A       100%        7


Dungeon Overview and Level Annotations

Branches:
Dungeon (10/15)            Temple (1/1) D:5            Lair (2/6) D:10
  Sewer (visited)
  Swamp: Lair:2-4    Shoals: Lair:2-4     Snake: Lair:2-4    Spider: Lair:2-4
    Orc: D:9-12

Altars:
Ashenzari
Cheibriados
Dithmenos
Elyvilon
Fedhas
Gozag
Hepliaklqana
Kikubaaqudgha
Makhleb
Nemelex Xobeh
Okawaru
Qazlal
Ru
Sif Muna
Trog
Uskayaw
Vehumet
Wu Jian
Xom
Yredelemnul
Zin
The Shining One
Beogh

Shops:
D:8 *

Annotations:
D:7 2 runed translucent doors
Lair:1 exclusion: oklob plant


Innate Abilities, Weirdness & Mutations

You are mostly covered in thin metallic scales. (AC +3)
You sometimes gain a little power by taking damage.
Your touch may irresistibly damage your foes and sap their willpower.


Message History

* * * LOW HITPOINT WARNING * * *
You are poisoned.
The cane toad poisons you!
You feel very sick. The blink frog hits you.
* * * LOW HITPOINT WARNING * * *
The blink frog blinks!
The komodo dragon misses you.
Unknown command.
You feel better. The bullfrog closely misses you.
The cane toad completely misses you.
The komodo dragon completely misses you.
The bullfrog closely misses you.
Unknown command.
Okay, then.
As you read the scroll of teleportation, it crumbles to dust.
You feel strangely unstable. The cane toad closely misses you.
The komodo dragon closely misses you.
The bullfrog hits you but does no damage.
Unknown command.
Unknown command.
Unknown command.
The cane toad misses you. The cane toad closely misses you.
The bullfrog closely misses you. The bullfrog barely misses you.
The cane toad misses you.
Your surroundings seem slightly different.
The bullfrog barely misses you. The cane toad stings you!
* * * LOW HITPOINT WARNING * * *
You are lethally poisoned!
The cane toad poisons you! The bullfrog misses you.
* * * LOW HITPOINT WARNING * * *
You feel very sick. The komodo dragon barely misses you.
The blink frog blinks!
The cane toad stings you.
* * * LOW HITPOINT WARNING * * *
You are more poisoned.
The cane toad poisons you!
* * * LOW HITPOINT WARNING * * *
You feel extremely sick.
The blink frog blinks!
The komodo dragon bites you!!
You die...

## ### ####P# ### #.##########
......##.########..##..#.##P
............................
...>..F...l......≈≈≈........
.........FF@.....≈≈≈≈.......
##.............≈≈≈≈≈....P.
##....###.###..≈≈≈≈≈......
#.....###.# ##..≈≈≈≈≈.....
#P....P#### ##..≈≈≈≈≈..#..
##....## #....≈≈≈≈≈.###
######.....#### ##....≈≈≈≈≈....
...........##.###.#....≈≈≈≈....
................††.....≈≈≈≈≈...


You could see a komodo dragon, a cane toad, a blink frog and a bullfrog.

Vanquished Creatures
  A two-headed ogre (D:9)
  Pikel (D:6)
  A manticore (D:10)
  Joseph (D:7)
  6 black mambas
  A gargoyle (D:10)
  A cane toad (Lair:1)
  Maggie (D:7)
  A rime drake (Lair:2)
  2 trolls
  A hornet (D:9)
  8 blink frogs
  Sigmund (D:6)
  5 yaks (D:9)
  Eustachio (D:6)
  A basilisk (Lair:2)
  A steam dragon (D:5)
  Menkaure (D:7)
  An acid dragon (D:10)
  17 water moccasins
  10 orc warriors
  Duvessa (D:6)
  Pargi (Sewer)
  3 sky beasts
  4 black bears
  A necrophage (D:5)
  2 wolves (D:10)
  3 ogres
  A centaur (D:9)
  A phantom (D:6)
  A lemure (D:6)
  13 bullfrogs
  2 gnoll sergeants
  A scorpion (D:4)
  A wyvern zombie (D:9)
  Dowan (D:6)
  A water moccasin skeleton (D:4)
  5 killer bees
  5 wights (D:6)
  8 howler monkeys
  2 electric eels (D:10)
  A centaur zombie (D:9)
  3 orc priests
  Crazy Yiuf (D:3)
  4 hounds (D:10)
  An iguana (D:5)
  8 orc wizards
  A killer bee zombie (D:8)
  2 hound skeletons (D:4)
  7 adders
  7 gnolls
  A white imp (D:8)
  2 ufetubi
  A worm (D:5)
  64 orcs
  7 endoplasms
  5 giant cockroaches
  6 hobgoblins
  2 jackals (D:1)
  4 kobolds
  4 quokkas
  12 ball pythons
  9 bats
  10 frilled lizards
  7 goblins
  11 rats
300 creatures vanquished.

Vanquished Creatures (others)
  4 fungi (Lair:2)
  2 plants (Lair:2)
  8 toadstools (Lair:1)
14 creatures vanquished.

Grand Total: 314 creatures vanquished

Notes
Turn   | Place    | Note
-------+----------+-------------------------------------------
     0 | D:1      | Morbidden the Demonspawn Conjurer began the quest for the
                  | Orb.
     0 | D:1      | Reached XP level 1. HP: 13/13 MP: 3/3
   411 | D:1      | Gained mutation: You are partially covered in thin metallic
                  | scales. (AC +2) [demonic ancestry]
   411 | D:1      | Reached XP level 2. HP: 19/19 MP: 1/5
   489 | D:1      | Learned a level 2 spell: Searing Ray
  1156 | D:1      | Reached XP level 3. HP: 25/25 MP: 3/6
  1496 | D:2      | Identified the +10 long sword of the Ancient Places
                  | {protect, rF- rCorr Dex+2}
  1664 | D:2      | Reached skill level 1 in Fighting
  1988 | D:2      | Gained mutation: Your touch may inflict minor irresistible
                  | damage on your foes. [demonic ancestry]
  1988 | D:2      | Reached XP level 4. HP: 32/32 MP: 7/7
  2607 | D:3      | Found a runed translucent door.
  2608 | D:3      | Noticed Crazy Yiuf
  2706 | D:3      | Reached skill level 1 in Long Blades
  2759 | D:3      | Learned a level 4 spell: Iskenderun's Mystic Blast
  2901 | D:3      | Killed Crazy Yiuf
  2902 | D:3      | Reached skill level 5 in Conjurations
  3051 | D:4      | Noticed a scorpion
  3057 | D:4      | Killed a scorpion
  3058 | D:4      | Reached skill level 2 in Long Blades
  3058 | D:4      | Gained mutation: Your touch may inflict irresistible damage
                  | on your foes. [demonic ancestry]
  3058 | D:4      | Reached XP level 5. HP: 37/37 MP: 8/8
  3079 | D:4      | Noticed an ogre
  3090 | D:4      | Killed an ogre
  3091 | D:4      | Gained mutation: You sometimes gain a little power by
                  | taking damage. [demonic ancestry]
  3091 | D:4      | Reached XP level 6. HP: 44/44 MP: 9/9
  3137 | D:4      | Noticed a sky beast
  3152 | D:4      | Killed a sky beast
  3153 | D:4      | Reached skill level 3 in Long Blades
  3300 | D:4      | Reached skill level 1 in Translocations
  3352 | D:4      | Gained mutation: You are mostly covered in thin metallic
                  | scales. (AC +3) [demonic ancestry]
  3352 | D:4      | Reached XP level 7. HP: 51/51 MP: 11/11
  3580 | D:5      | Entered Level 5 of the Dungeon
  3601 | D:5      | Reached skill level 4 in Long Blades
  3708 | D:5      | Found a glowing drain.
  3740 | Sewer    | Entered a sewer
  3850 | Sewer    | Noticed Pargi
  3863 | Sewer    | Killed Pargi
  4007 | D:5      | Found a staircase to the Ecumenical Temple.
  4058 | D:5      | Noticed a steam dragon
  4064 | D:5      | Killed a steam dragon
  4072 | D:5      | HP: 1/51 [orc (15)]
  4076 | Temple   | Entered the Ecumenical Temple
  4087 | Temple   | Reached skill level 1 in Armour
  4587 | D:5      | Gained mutation: Your touch may irresistibly damage your
                  | foes and sap their willpower. [demonic ancestry]
  4587 | D:5      | Reached XP level 8. HP: 57/58 MP: 12/12
  4624 | D:5      | Identified the ring of Dutz {rElec rPois rC++}
  4817 | D:5      | Reached skill level 5 in Long Blades
  4878 | D:5      | Found a sacrificial altar of Ru.
  4878 | D:5      | Found a snail-covered altar of Cheibriados.
  4885 | D:5      | Became a worshipper of Cheibriados the Contemplative
  4918 | D:6      | Noticed Pikel
  4923 | D:6      | Noticed Eustachio
  4932 | D:6      | Killed Pikel
  4933 | D:6      | Reached skill level 1 in Invocations
  4942 | D:6      | Killed Eustachio
  4943 | D:6      | Reached skill level 6 in Long Blades
  4985 | D:6      | Noticed Duvessa
  4985 | D:6      | Noticed Dowan
  4990 | D:6      | Killed Duvessa
  4996 | D:6      | Reached XP level 9. HP: 65/65 MP: 14/14
  5004 | D:6      | Killed Dowan
  5164 | D:6      | Noticed Sigmund
  5166 | D:6      | Found a blossoming altar of Fedhas.
  5172 | D:6      | Killed Sigmund
  5231 | D:6      | Reached skill level 7 in Long Blades
  5331 | D:6      | Found a shadowy altar of Dithmenos.
  5463 | D:6      | Reached * piety under Cheibriados
  5631 | D:7      | Noticed Maggie
  5631 | D:7      | Noticed Joseph
  5642 | D:7      | Killed Joseph
  5650 | D:7      | Killed Maggie
  5781 | D:7      | Found a runed translucent door.
  5783 | D:7      | Found a runed translucent door.
  6255 | D:7      | Identified the +3 hunting sling "Coskois" {speed, rElec rN+
                  | Will- SInv}
  6475 | D:7      | Noticed Menkaure
  6479 | D:7      | Killed Menkaure
  6880 | D:8      | Reached skill level 8 in Long Blades
  6880 | D:8      | Reached XP level 10. HP: 55/73 MP: 10/16
  6886 | D:8      | Reached ** piety under Cheibriados
  7565 | D:8      | Found Cocwah's Assorted Antiques.
  7767 | D:9      | Reached *** piety under Cheibriados
  7787 | D:9      | Reached skill level 5 in Fighting
  8204 | D:9      | Noticed a two-headed ogre
  8215 | D:9      | Killed a two-headed ogre
  8467 | D:9      | Reached skill level 9 in Long Blades
  8495 | D:9      | Reached skill level 5 in Dodging
  8691 | D:9      | Reached skill level 5 in Invocations
  8693 | D:9      | Reached **** piety under Cheibriados
  8694 | D:9      | Reached skill level 5 in Spellcasting
  8824 | D:10     | Entered Level 10 of the Dungeon
  9070 | D:10     | Found a staircase to the Lair.
  9072 | D:10     | Noticed a gargoyle
  9082 | D:10     | Noticed a manticore
  9092 | D:10     | Killed a manticore
  9093 | D:10     | Reached XP level 11. HP: 68/80 MP: 16/18
  9258 | D:10     | Learned a level 5 spell: Manifold Assault
 10262 | Lair:1   | Entered Level 1 of the Lair of Beasts
 10577 | Lair:1   | Reached ***** piety under Cheibriados
 11124 | Lair:1   | Found a blossoming altar of Fedhas.
 11137 | Lair:1   | Noticed an oklob plant
 11331 | Lair:1   | Reached skill level 5 in Translocations
 11619 | Lair:1   | Reached skill level 10 in Long Blades
 11633 | Lair:1   | Found the +8 whip "Snakebite" {venom, curare, rPois}
 12138 | Lair:2   | Reached XP level 12. HP: 37/89 MP: 2/20
 12154 | Lair:2   | Mangled by a komodo dragon

Illustrated notes

Levels and vault maps discovered:
D:1:      lemuel_arrival_hallway, layout_basic
D:2:      minmay_evil_eye, layout_loops_ring
D:3:      layout_basic, uniq_crazy_yiuf_cottage
D:4:      layout_basic, mainiacjoe_overflow_alcove_2
D:5:      layout_gridville, gammafunk_temple_overflow_pools,
          minmay_temple_entry_trees, cheibrodos_sewer_entry_sluice
D:6:      layout_rooms, mainiacjoe_overflow_six_doors_small,
          nicolae_dithmenos_through_a_glass_darkly, corexii_checkpoint_a,
          kennysheep_generic_room_2, uniq_sigmund, uniq_pikel, uniq_duvessa,
          uniq_eustachio
D:7:      lemuel_insect_pit, layout_basic, uniq_menkaure, uniq_maggie,
          uniq_joseph
D:8:      layout_loops_ring, special_room [special_room_orc], serial_shops,
          nicolae_square_shop
D:9:      layout_roguey [special_room_orc], tso_altar
D:10:     layout_roguey, erik_lair_island, st_stairs_14
Temple:   regret_index_temple_sphere_string
Lair:1:   minmay_guarded_unrand_snakebite, layout_chaotic_city, tgw_fedhas,
          serial_bayou_shore_b
Lair:2:   wander_river, layout_chaotic_city, infiniplex_staircase_pool

Skill      XL: |  1  2  3  4  5  6  7  8  9 10 11 |
---------------+----------------------------------+-----
Dodging        | 2 3 4 5 6 |  6.3
Fighting       | 1 2 3 4 5 6 |  6.4
Long Blades    | 2 3 4 6 8 9 10 | 10.2
Conjurations   | 5 6 7 |  7.5
Stealth        | 2 3 |  3.5
Translocations | 1 2 3 4 5 |  5.3
Spellcasting   | 3 4 5 |  5.7
Armour         | 1 2 3 4 |  4.0
Invocations    | 3 4 5 7 |  7.3
Throwing       | |  0.7

Action                   |  1- 3 |  4- 6 |  7- 9 | 10-12 || total
-------------------------+-------+-------+-------+-------++-------
Melee: Dagger            |    19 |       |       |       ||    19
       Punch             |     2 |       |     1 |     5 ||     8
       Long sword        |    30 |    58 |   216 |   345 ||   649
       Touch             |       |     7 |    32 |    67 ||   106
Throw: Dart              |       |       |       |    10 ||    10
 Cast: Magic Dart        |    55 |     2 |       |    28 ||    85
       Searing Ray       |       |     2 |       |     1 ||     3
       Iskenderun's Myst |       |       |       |    17 ||    17
       Manifold Assault  |       |       |       |     2 ||     2
Invok: Slouch            |       |       |       |     3 ||     3
Evoke: Wand              |       |       |       |     2 ||     2
  Use: Scroll            |       |       |     4 |     1 ||     5
       Potion            |       |       |     2 |     3 ||     5
 Stab: Sleeping          |     6 |     3 |     2 |     4 ||    15
Armor: Robe              |    17 |     1 |       |       ||    18
       Leather armour    |       |    20 |    81 |       ||   101
       Acid dragon scale |       |       |     9 |   187 ||   196
Dodge: Dodged            |    45 |    31 |   138 |   373 ||   587
